 Dungeon Crawl Stone Soup version 0.29-a0-222-g5b244fca1f (webtiles) character file.

Game seed: 8986039920724181113

1110 enile the Skirmisher (level 8, 0/54 (64) HPs)
             Began as a Demonspawn Gladiator on Feb 27, 2022.
             Was a Believer of Dithmenos.
             Slain by a wight
             ... wielding a +5 scimitar
              (5 damage)
             ... on level 6 of the Dungeon.
             The game lasted 00:12:08 (8451 turns).

enile the Skirmisher (Demonspawn Gladiator)         Turns: 8451, Time: 00:12:09

HP:   0/54 (64)     AC:  5    Str: 17    XL:     8   Next: 11%
MP:   4/11          EV: 16    Int:  9    God:    Dithmenos [**....]
Gold: 256           SH:  0    Dex: 15    Spells: 7/11 levels left

rFire   . . .      SeeInvis .   i - +0 war axe
rCold   . . .      Faith    .   f - orb {*channel}
rNeg    . . .      Spirit   .   b - +1 leather armour
rPois   .          Reflect  .   c - +0 helmet
rElec   .          Harm     .   (no cloak)
rCorr   .          Rampage  .   (no gloves)
Will    .....                   (no boots)
Stlth   +.........              (no amulet)
HPRegen 0.18/turn               (no ring)
MPRegen 0.12/turn               (no ring)

@: very slightly contaminated, wreathed by umbra, heavily drained
A: hooves 1, repulsion field 2, powered by death 1, demonic magic 1
a: Renounce Religion, Shadow Step


You were on level 6 of the Dungeon.
You worshipped Dithmenos.
Dithmenos was pleased with you.
You visited 1 branch of the dungeon, and saw 6 of its levels.

You collected 256 gold pieces.

Inventory:

Hand Weapons
 a - a +0 quarterstaff
 i - a +0 war axe (weapon)
 j - a +0 whip of electrocution
 s - a +0 halberd
Armour
 b - a +1 leather armour (worn)
 c - a +0 helmet (worn)
 f - an orb of energy (worn)
 m - a +0 ring mail
Jewellery
 p - an amulet of regeneration
Scrolls
 d - 2 scrolls of identify {unknown}
 e - 3 scrolls of amnesia {unknown}
 h - a scroll of enchant armour
 k - 3 scrolls of enchant weapon {unknown}
 n - a scroll of immolation {unknown}
 r - a scroll of fog
Potions
 g - 2 potions of flight
 l - 3 potions of curing {unknown}
 o - a potion of haste {unknown}
 q - a potion of mutation {unknown}


   Skills:
 - Level 6.0 Fighting
 - Level 2.0 Axes
 - Level 2.8 Staves
 - Level 1.9 Throwing
 - Level 4.0 Dodging
 - Level 2.0 Spellcasting
 - Level 4.0 Fire Magic
 + Level 4.4 Invocations


You had 7 spell levels left.
You knew the following spells:

 Your Spells              Type           Power      Damage    Failure   Level
a - Foxfire               Conj/Fire      16%        2x1d4     19%         1
b - Inner Flame           Hex/Fire       4%         N/A       47%         3

Your spell library contained the following spells:

 Spells                   Type           Power      Damage    Failure   Level
 Beastly Appendage        Tmut           0%         N/A       38%         1
 Conjure Flame            Conj/Fire      4%         6-21      47%         3
 Wereblood                Tmut           0%         N/A       52%         2
 Spider Form              Tmut/Pois      0%         N/A       77%         3
 Flame Wave               Conj/Fire      4%         2d5       87%         4


Dungeon Overview and Level Annotations

Branches:
Dungeon (6/15)
 Temple: D:4-7

Altars:
Dithmenos
Hepliaklqana
Uskayaw


Innate Abilities, Weirdness & Mutations

You have large cloven feet.
You are surrounded by a moderate repulsion field. (EV +3)
You regenerate a little health from kills.
Spells you cast may paralyse adjacent enemies.


Message History

The foxfire hits the wight.
The wight is heavily damaged.
The wight misses you. The wight closely misses you.
Casting: Foxfire (safe; 19% risk of failure)
Confirm with . or Enter, or press ? or * to list all spells.
You conjure some foxfire!
Malevolent energies surge around you.
The wight suddenly stops moving!
The wight closely misses you.
The foxfire hits the wight.
The wight is heavily damaged.
The foxfire hits the wight but does no damage.
The wight is heavily damaged.
The wight hits you from afar with a +0 halberd.
The helpless wight fails to defend itself.
You hit the wight but do no damage. You kick the wight, but do no damage.
The wight is heavily damaged.
The wight is no longer paralysed.
The wight closely misses you. The wight hits you with a +5 scimitar!
Casting: Foxfire (safe; 19% risk of failure)
Confirm with . or Enter, or press ? or * to list all spells.
You miscast Foxfire.
Nothing appears to happen.
The wight barely misses you.
Casting: Foxfire (safe; 19% risk of failure)
Confirm with . or Enter, or press ? or * to list all spells.
You conjure some foxfire!
Malevolent energies surge around you. The wight misses you.
The wight barely misses you.
The foxfire hits the wight but does no damage.
The wight is heavily damaged.
The foxfire hits the wight but does no damage.
The wight is heavily damaged.
The wight barely misses you.
The wight hits you from afar with a +0 halberd!
You feel drained. The wight hits you with a +5 scimitar!
* * * LOW HITPOINT WARNING * * *
You feel drained.
* * * LOW HITPOINT WARNING * * *
The wight hits you but does no damage. The wight hits you with a +5 scimitar!
* * * LOW HITPOINT WARNING * * *
You feel drained.
You die...

## .. .# z# ### .## .#
## ..###.####.###...
###.#.........#.#
+.....z.........##
####.z####.......# #@.#
#.......#
#..####.......# ###
#.............. ### #.#
#..####.#......
#<###.###..............
#.[.............###....
################# ....
... ##


You could see 2 wights.

Vanquished Creatures
  A sky beast (D:6)
  A necrophage (D:4)
  6 ogres
  A scorpion (D:3)
  A wight (D:6)
  3 jellies
  A hound (D:5)
  2 iguanas
  An orc wizard (D:4)
  Robin (D:2)
  3 adders
  A shadow imp (D:5)
  2 worms
  3 dart slugs
  8 orcs (D:4)
  9 endoplasms
  3 giant cockroaches
  7 hobgoblins
  2 jackals (D:3)
  5 kobolds
  4 quokkas
  3 ball pythons
  7 bats
  4 frilled lizards
  10 goblins
  6 rats
  A spectral goblin (D:4)
96 creatures vanquished.

Vanquished Creatures (others)
  209 foxfires
209 creatures vanquished.

Grand Total: 305 creatures vanquished

Notes
Turn   | Place    | Note
-------+----------+-------------------------------------------
     0 | D:1      | enile the Demonspawn Gladiator began the quest for the Orb.
     0 | D:1      | Reached XP level 1. HP: 16/16 MP: 1/1
   188 | D:1      | Gained mutation: You have large cloven feet. [demonic
                  | ancestry]
   188 | D:1      | Reached XP level 2. HP: 15/23 MP: 2/2
   879 | D:1      | Found a faded altar of an unknown god.
   889 | D:1      | Prayed at the altar of an unknown god.
   889 | D:1      | Became a worshipper of Dithmenos the Shadowed
   889 | D:1      | Reached * piety under Dithmenos
   963 | D:1      | Reached skill level 3 in Fighting
  1119 | D:2      | Found a hide-covered altar of Uskayaw.
  1129 | D:2      | Reached XP level 3. HP: 22/29 MP: 3/3
  1754 | D:2      | Noticed Robin
  2458 | D:2      | Killed Robin
  2459 | D:2      | Reached skill level 4 in Fighting
  2603 | D:2      | Gained mutation: Spells you cast may paralyse adjacent
                  | enemies. [demonic ancestry]
  2603 | D:2      | Reached XP level 4. HP: 37/37 MP: 4/4
  2840 | D:2      | Learned a level 1 spell: Foxfire
  2960 | D:3      | Noticed a scorpion
  3012 | D:3      | Killed a scorpion
  3012 | D:3      | Reached ** piety under Dithmenos
  3013 | D:3      | Gained mutation: You are surrounded by a mild repulsion
                  | field. (EV +2) [demonic ancestry]
  3013 | D:3      | Reached XP level 5. HP: 13/43 MP: 3/5
  4050 | D:4      | Noticed an ogre
  4189 | D:4      | Noticed a necrophage
  4211 | D:4      | Killed a necrophage
  4212 | D:4      | Reached skill level 5 in Fighting
  4212 | D:4      | Reached skill level 1 in Spellcasting
  4459 | D:4      | Noticed an ogre
  5095 | D:4      | Reached XP level 6. HP: 23/51 MP: 2/9
  6061 | D:3      | Reached skill level 6 in Fighting
  6061 | D:3      | Reached skill level 1 in Axes
  6061 | D:3      | Gained mutation: You are surrounded by a moderate repulsion
                  | field. (EV +3) [demonic ancestry]
  6061 | D:3      | Reached XP level 7. HP: 21/58 MP: 2/10
  6363 | D:4      | Found a hazy altar of Hepliaklqana.
  6800 | D:5      | Entered Level 5 of the Dungeon
  8186 | D:5      | Gained mutation: You regenerate a little health from kills.
                  | [demonic ancestry]
  8186 | D:5      | Reached XP level 8. HP: 64/64 MP: 5/11
  8233 | D:5      | Learned a level 3 spell: Inner Flame
  8451 | D:6      | Slain by a wight

Illustrated notes

Levels and vault maps discovered:
D:1:      dpeg_arrival_rooms_b, layout_loops_ring,
          hellmonk_ecumenical_altar_inner_sanctum
D:2:      layout_basic, basic_altar, serial_rivers,
          chequers_serial_rivers_small_a, chequers_serial_rivers_room_a,
          chequers_serial_rivers_micro_e, chequers_serial_rivers_room_a,
          chequers_serial_rivers_room_a, chequers_serial_rivers_small_a,
          kennysheep_nub, uniq_robin
D:3:      layout_rooms, minmay_misc_feat_columns
D:4:      layout_basic, nicolae_hepliaklqana_monster_ancestors
D:5:      layout_gridville
D:6:      layout_loops_ring, zin_treasury

Skill      XL: |  1  2  3  4  5  6  7 |
---------------+----------------------+-----
Fighting       | 3 4 5 6 |  6.0
Fire Magic     | 2 3 4 |  4.0
Spellcasting   | 2 |  2.0
Axes           | 1 2 |  2.0
Dodging        | 4 |  4.0
Invocations    | 4 |  4.4
Staves         | |  2.8
Throwing       | |  1.9

Action                   |  1- 3 |  4- 6 |  7- 9 || total
-------------------------+-------+-------+-------++-------
Melee: Quarterstaff      |    46 |       |       ||    46
       Kick              |    27 |    17 |    15 ||    59
       Whip              |    59 |    33 |       ||    92
       War axe           |       |    25 |    36 ||    61
Throw: Throwing net      |     3 |       |       ||     3
 Cast: Foxfire           |       |    75 |    67 ||   142
       Inner Flame       |       |       |     1 ||     1
  Use: Potion            |     3 |     1 |       ||     4
       Scroll            |     2 |     2 |       ||     4
 Stab: Sleeping          |     1 |       |       ||     1
       Held in net/web   |     3 |       |       ||     3
       Paralysed         |       |    15 |     9 ||    24
Armor: Leather armour    |    12 |    22 |     8 ||    42
       Ring mail         |    21 |       |       ||    21
       Skin              |       |     5 |       ||     5
Dodge: Dodged            |    85 |    80 |    98 ||   263

Table legend: (Time is in decaauts)
 A = Elapsed time spent in this place.
 B = Non-inter-level travel time spent in this place.
 C = Inter-level travel time spent in this place.
 D = Time resting spent in this place.
 E = Time spent auto-exploring this place.
 F = Levels seen in this place.
 G = Mean time per level.
                   A        B        C        D        E       F      G
               +--------+--------+--------+--------+--------+-----+--------+
         Total |   8498 |   8324 |    174 |   1056 |   5979 |   6 | 1416.3 |
       Dungeon |   8498 |   8324 |    174 |   1056 |   5979 |   6 | 1416.3 |
               +--------+--------+--------+--------+--------+-----+--------+

Top non-repeatable levels by time:
     D:2: 2106 daAuts
     D:3: 2033 daAuts
     D:4: 1687 daAuts
     D:5: 1450 daAuts
     D:1: 1011 daAuts
     D:6: 208 daAuts
